Map: Jagannatha LE

Players

Cham - Winner!

  • Race: Zerg Zerg
  • League: Grandmaster
  • Spawn Location: 7:00

TheZergLord

  • Race: Zerg Zerg
  • Spawn Location: 1:00

Event: DreamHack SC2 Masters 2020 Winter

VOD

Have the link to the VOD?

Description

Time

  • Played on: Oct. 21, 2020, 3:41 p.m.
  • Length: 4:01

All games in this series

Show
View Real Time Build Order
Export as new Build Order

Cham Zerg - Winner!

Build Orders: Hatch First 

Get SALT Encoding   

  12  0:00  Drone  
  13  0:09  Drone  
  14  0:21  Overlord  
  14  0:23  Extractor  
  14  0:24  Drone  
  15  0:39  Drone  
  15  0:40  Drone  
  17  0:51  Hatchery  
  17  0:54  Drone  
  17  0:59  Drone  
  18  1:08  Extractor  
  17  1:13  Spawning Pool  
  17  1:16  Drone  
  17  1:19  Drone  
  18  1:27  Drone  
  19  1:59  Zergling x2  
  19  2:00  Zergling x4  
  22  2:02  Queen x2  
  22  2:03  Zergling x2  
  27  2:12  Zergling x2  
  28  2:25  Metabolic Boost  
  28  2:32  Overlord  
  28  2:46  Overlord  
  28  2:52  Zergling x10  
  33  3:02  Zergling x2  
  33  3:03  Overlord  
  34  3:11  Zergling x2  
  34  3:12  Zergling x4  
  36  3:13  Zergling x2  
  36  3:14  Zergling x2  
  39  3:20  Zergling x4  
  40  3:28  Zergling x4  
  40  3:32  Zergling x2  
  43  3:38  Zergling x2  
  44  3:50  Baneling Nest  
Show
View Real Time Build Order
Export as new Build Order

TheZergLord Zerg 

Build Orders: Pool First 

Get SALT Encoding   

  12  0:18  Spawning Pool  
  11  0:22  Drone  
  11  0:27  Drone  
  13  0:31  Drone  
  14  0:41  Overlord  
  14  1:06  Zergling x6  
  14  1:07  Extractor  
  16  1:17  Zergling x2  
  17  1:21  Hatchery  
  16  1:28  Zergling x2  
  17  1:39  Zergling x2  
  18  1:45  Queen  
  20  1:51  Zergling x2  
  21  2:02  Overlord  
  21  2:19  Metabolic Boost  
  23  2:35  Zergling x4  
  22  2:46  Zergling x4  
  24  2:55  Zergling x4  
  25  3:08  Zergling x6  
  25  3:09  Zergling x2  
  29  3:16  Zergling x4  
  31  3:27  Overlord x2  
  31  3:41  Overlord  
Tags
 
Add a new tag
Caveats
  • Supply blocks, unpowered buildings, or Contaminate may cause inaccurate times.
  • Supply counts are checked every 10 seconds.